Map: Ice and Chrome LE

Players

Cuddlebear

  • Race: Terran Terran
  • League: Master
  • Spawn Location: 1:00

Scarlett - Winner!

  • Race: Zerg Zerg
  • Spawn Location: 7:00

Event: DreamHack SC2 Masters 2020 Fall

VOD

Have the link to the VOD?

Description

Time

  • Played on: Sept. 5, 2020, 3:45 p.m.
  • Length: 17:17

All games in this series

Show
View Real Time Build Order
Export as new Build Order

Cuddlebear Terran 

Build Orders: Reaper Expand 

Get SALT Encoding   

  12  0:00  SCV  
  13  0:12  SCV  
  14  0:17  Supply Depot  
  14  0:24  SCV  
  15  0:39  SCV  
  15  0:40  Barracks  
  16  0:45  Refinery  
  16  0:51  SCV  
  17  1:03  SCV  
  18  1:16  SCV  
  19  1:29  Orbital Command  
  19  1:30  Reaper  
  20  1:43  Command Center  
  20  1:52  Supply Depot  
  20  1:56  SCV  
  21  2:02  Marine  
  22  2:09  Factory  
  22  2:11  SCV  
  23  2:19  Refinery  
  23  2:24  Barracks Reactor  
  23  2:27  SCV  
  24  2:32  Engineering Bay  
  24  2:39  SCV  
  24  2:51  SCV  
  24  2:55  Orbital Command  
  25  3:03  SCV  
  26  3:11  Starport  
  26  3:12  Hellion  
  29  3:13  Hellion  
  29  3:15  SCV  
  30  3:23  SCV  
  31  3:27  SCV  
  32  3:35  SCV  
  32  3:40  SCV  
  34  3:42  Hellion x2  
  34  3:47  SCV  
  39  3:50  Supply Depot  
  39  3:51  Supply Depot  
  39  3:52  SCV  
  39  3:54  Starport Tech Lab  
  40  3:55  Fusion Core  
  40  3:59  SCV  
  41  4:03  Hellion  
  41  4:04  Hellion  
  41  4:08  SCV  
  46  4:11  SCV  
  47  4:20  SCV  
  47  4:23  SCV  
  49  4:25  Hellion x2  
  53  4:32  SCV, Supply Depot  
  53  4:38  SCV, Marine  
  55  4:44  SCV, Battlecruiser  
  63  4:50  SCV  
  63  4:51  Hellion x2  
  69  5:01  Command Center  
  69  5:06  SCV  
  69  5:07  Refinery x2  
  69  5:16  SCV  
  69  5:18  SCV  
  69  5:22  Factory x2  
  69  5:25  Engineering Bay  
  69  5:30  SCV  
  69  5:33  Barracks Tech Lab  
  69  5:35  Armory  
  70  5:36  SCV  
  70  5:40  Factory Tech Lab  
  71  5:43  SCV  
  71  5:48  SCV  
  71  5:55  SCV  
  72  5:57  Missile Turret  
  72  5:58  Missile Turret  
  72  6:01  Missile Turret  
  72  6:03  SCV  
  73  6:10  SCV  
  74  6:13  Battlecruiser  
  74  6:17  Supply Depot  
  54  6:18  Orbital Command  
  81  6:19  Supply Depot  
  81  6:21  Missile Turret  
  80  6:32  Thor  
  86  6:34  Cyclone, Widow Mine x2  
  86  6:38  SCV x2  
  93  6:45  SCV  
  85  6:55  SCV  
  85  6:57  Hellion x2  
  85  6:58  Orbital Command  
  85  6:59  SCV  
  85  7:07  Widow Mine  
  87  7:15  Widow Mine  
  89  7:16  Missile Turret  
  89  7:17  SCV  
  89  7:19  Missile Turret  
  88  7:25  Missile Turret, Refinery  
  88  7:26  Missile Turret, Hellion  
  88  7:27  SCV x2, Thor  
  88  7:28  Refinery  
  88  7:29  SCV  
  99  7:31  Weapon Refit  
  99  7:36  Thor  
  105  7:39  Widow Mine, SCV x2  
  109  7:47  Terran Vehicle And Ship Armor Level 1, Supply Depot  
  109  7:48  Supply Depot  
  109  7:56  Supply Depot  
  109  7:58  Supply Depot  
  109  8:00  Supply Depot  
  109  8:02  Widow Mine, SCV x3  
  114  8:09  Battlecruiser  
  114  8:11  Hellion  
  122  8:14  SCV x3  
  122  8:18  Cyclone  
  128  8:23  Supply Depot  
  128  8:25  Supply Depot  
  128  8:26  SCV x2  
  133  8:27  Hellion, Cyclone  
  133  8:32  Hellion, SCV  
  136  8:38  SCV x2  
  138  8:42  Armory  
  138  8:44  SCV  
  138  8:46  Command Center  
  139  8:50  Hellion  
  139  8:55  Cyclone  
  146  8:56  Hellion  
  146  8:59  Hellion, Mag-Field Accelerator  
  146  9:00  Drilling Claws  
  146  9:02  SCV  
  149  9:06  Supply Depot  
  149  9:12  SCV x2  
  149  9:13  Battlecruiser  
  157  9:25  Widow Mine  
  157  9:29  Cyclone  
  162  9:34  Hellion, Cyclone  
  161  9:44  Terran Vehicle Weapons Level 1  
  161  9:45  Factory  
  159  9:46  Factory, Refinery  
  159  9:49  Missile Turret  
  159  9:50  Refinery  
  158  9:55  Hellion  
  158  9:56  SCV x2  
  162  10:03  SCV  
  159  10:08  SCV  
  159  10:09  Cyclone  
  159  10:10  Hellion  
  159  10:13  Siege Tank  
  166  10:16  Hellion  
  166  10:19  Infernal Pre-Igniter  
  148  10:31  Hellion  
  148  10:34  SCV x3  
  153  10:38  Hellion  
  153  10:41  Cyclone  
  160  10:44  Factory Tech Lab, Factory Reactor  
  160  10:45  Cyclone  
  160  10:46  SCV x3  
  162  10:53  Sensor Tower  
  162  10:54  Widow Mine  
  164  11:02  Missile Turret  
  164  11:03  Widow Mine  
  164  11:04  Missile Turret  
  164  11:08  Supply Depot x2, Thor  
  164  11:09  Supply Depot  
  159  11:14  SCV, Cyclone  
  159  11:15  SCV  
  159  11:16  Refinery  
  159  11:17  SCV, Missile Turret x2, Cyclone  
  167  11:22  Planetary Fortress  
  167  11:25  Missile Turret  
  167  11:26  Refinery  
  167  11:28  SCV  
  167  11:31  Refinery  
  168  11:36  Widow Mine x2  
  168  11:37  SCV  
  171  11:50  Cyclone x2  
  171  11:51  Hellion  
  171  11:52  SCV x2  
  171  11:54  Sensor Tower  
  179  12:02  Cyclone  
  179  12:07  Hellion  
  173  12:09  SCV x2  
  173  12:10  SCV  
  173  12:13  SCV  
  167  12:21  SCV x2  
  167  12:22  Hellion, Cyclone x2  
  179  12:23  Hellion  
  179  12:24  Hellion  
  179  12:29  SCV x2  
  183  12:33  SCV  
  183  12:34  Siege Tank  
  183  12:35  Command Center  
  187  12:37  Missile Turret  
  187  12:39  Widow Mine  
  189  12:47  SCV  
  189  12:48  Hellion  
  189  12:49  Hellion  
  188  12:52  SCV  
  188  12:55  Battlecruiser  
  189  13:03  Cyclone x2  
  189  13:04  Hellion x2, Missile Turret  
  193  13:06  Cyclone  
  193  13:11  Hellion x2  
  196  13:16  Hellion  
  183  13:25  Hellion x2  
  183  13:26  Hellion  
  175  13:35  Siege Tank, Thor  
  175  13:37  Hellion  
  175  13:38  Thor  
  175  13:40  Command Center, Missile Turret  
  189  13:46  Hellion  
  185  13:53  Hellion  
  185  13:54  Hellion  
  186  13:59  SCV x2  
  186  14:00  Missile Turret, SCV  
  186  14:01  SCV  
  190  14:06  Terran Vehicle Weapons Level 2  
  190  14:07  Thor  
  196  14:22  Hellion x2  
  200  14:32  Missile Turret  
  200  14:33  Command Center, Missile Turret  
  200  14:42  Hellion  
  200  14:44  Hellion  
  196  14:59  Hellion, Thor  
  185  15:00  Hellion  
  185  15:01  Thor  
  185  15:02  Hellion  
  181  15:07  Hellion  
  181  15:10  Hellion  
  175  15:21  Hellion x2  
  177  15:23  Thor  
  183  15:34  Hellion  
  163  15:39  Orbital Command  
  163  15:42  Thor  
  148  15:44  Hellion x2, Thor  
  148  15:47  Planetary Fortress  
  147  15:56  Orbital Command  
  143  16:05  Thor  
  143  16:10  Hellion x4  
  163  16:11  Battlecruiser  
  160  16:24  Thor  
  153  16:26  SCV  
  153  16:27  Thor  
  153  16:29  SCV  
  153  16:32  SCV  
  158  16:36  Hellion  
  158  16:37  SCV  
  158  16:38  SCV  
  156  16:42  SCV  
  156  16:43  SCV  
  146  16:58  SCV x2  
  148  17:03  SCV  
Show
View Real Time Build Order
Export as new Build Order

Scarlett Zerg - Winner!

Build Orders: Hatch First, Brood Lord Corruptor, Muta Ling Bane, Swarm Host 

Get SALT Encoding   

  12  0:00  Drone  
  13  0:12  Overlord  
  13  0:16  Drone  
  14  0:30  Drone x2  
  16  0:47  Hatchery  
  15  0:50  Drone  
  15  0:53  Drone  
  18  0:57  Drone  
  18  1:08  Extractor  
  17  1:12  Spawning Pool  
  17  1:15  Drone  
  17  1:18  Drone  
  18  1:27  Drone  
  19  1:38  Drone  
  20  1:50  Overlord  
  20  1:58  Queen x2  
  20  1:59  Zergling x2  
  20  2:00  Zergling x2  
  26  2:10  Drone x2  
  26  2:11  Metabolic Boost  
  28  2:20  Drone  
  29  2:23  Drone  
  30  2:30  Extractor  
  30  2:31  Drone  
  30  2:32  Drone  
  30  2:34  Queen  
  33  2:43  Extractor  
  33  2:48  Drone, Queen, Overlord  
  36  3:02  Overlord x2  
  36  3:07  Drone x5  
  36  3:10  Overlord  
  40  3:14  Drone x2  
  40  3:16  Drone  
  43  3:20  Drone  
  44  3:28  Drone x2  
  44  3:34  Lair  
  46  3:37  Zergling x2  
  46  3:38  Extractor  
  46  3:40  Zergling x2  
  47  3:42  Extractor  
  47  3:44  Drone, Extractor  
  47  3:45  Drone x2  
  47  3:47  Extractor  
  47  3:55  Drone, Overlord  
  48  3:59  Hatchery  
  48  4:01  Zergling x2  
  48  4:02  Zergling x4  
  51  4:09  Zergling x4  
  53  4:17  Drone  
  53  4:18  Drone x4  
  57  4:24  Queen  
  57  4:28  Drone x2  
  57  4:29  Baneling Nest  
  60  4:33  Drone x2, Overseer  
  62  4:40  Spire  
  62  4:43  Zergling x2  
  62  4:44  Zergling x2  
  63  5:00  Spore Crawler  
  63  5:01  Spore Crawler  
  63  5:03  Queen  
  63  5:04  Drone x2  
  63  5:05  Zergling x10  
  70  5:08  Overlord  
  70  5:16  Baneling  
  70  5:17  Baneling  
  70  5:18  Drone, Overlord x2  
  71  5:31  Drone x5  
  75  5:52  Mutalisk x8  
  91  6:01  Extractor, Overlord, Zerg Flyer Weapons Level 1  
  91  6:02  Drone  
  91  6:03  Drone  
  93  6:04  Drone  
  93  6:05  Extractor  
  92  6:11  Drone x5  
  92  6:13  Drone  
  98  6:22  Drone x3, Spore Crawler  
  100  6:30  Mutalisk x3  
  100  6:31  Overlord  
  106  6:36  Baneling x2  
  106  6:37  Zergling x4  
  108  6:40  Baneling x2  
  108  6:41  Baneling  
  105  6:55  Drone x9  
  110  7:05  Drone x2  
  112  7:11  Hatchery  
  112  7:12  Overlord  
  112  7:15  Mutalisk x2  
  111  7:16  Evolution Chamber  
  111  7:18  Roach Warren  
  111  7:20  Extractor  
  112  7:24  Drone  
  112  7:25  Extractor  
  112  7:26  Overlord  
  112  7:31  Drone x7  
  119  7:38  Drone  
  119  7:39  Infestation Pit  
  119  7:41  Drone, Overlord  
  119  7:42  Drone x2  
  122  7:48  Zerg Missile Weapons Level 1  
  122  7:50  Drone  
  122  7:51  Drone x3, Overlord  
  126  7:52  Overlord x2  
  126  7:58  Glial Reconstitution, Zerg Flyer Weapons Level 2  
  126  8:03  Roach x3  
  132  8:09  Overlord x3  
  132  8:23  Nydus Network, Swarm Host  
  132  8:24  Swarm Host x4  
  146  8:32  Swarm Host x4  
  158  8:41  Mutalisk x4  
  164  8:54  Mutalisk x3  
  170  8:57  Hatchery  
  170  8:58  Swarm Host x2  
  175  9:05  Nydus Canal  
  175  9:07  Swarm Host  
  175  9:09  Overlord, Swarm Host  
  177  9:14  Overlord  
  177  9:15  Overlord  
  180  9:18  Hive  
  180  9:21  Roach x3  
  180  9:30  Roach x9  
  198  9:36  Nydus Canal  
  198  9:39  Pneumatized Carapace  
  198  9:46  Centrifical Hooks  
  198  9:52  Evolution Chamber  
  191  10:01  Nydus Canal  
  191  10:03  Baneling  
  191  10:04  Baneling x10  
  191  10:13  Zerg Missile Weapons Level 2  
  169  10:30  Zerg Melee Weapons Level 1  
  169  10:31  Adrenal Glands, Greater Spire  
  169  10:34  Drone x2, Extractor  
  169  10:35  Drone, Extractor  
  159  10:36  Drone x3  
  159  10:37  Drone x7  
  159  10:39  Roach x6, Zergling x30  
  159  10:40  Zergling x4  
  190  10:43  Overseer  
  190  10:47  Nydus Canal  
  190  11:04  Nydus Canal, Hatchery  
  181  11:18  Corruptor x3  
  181  11:19  Corruptor x5  
  181  11:23  Baneling x4  
  197  11:28  Nydus Canal  
  197  11:30  Baneling  
  197  11:31  Baneling x4  
  187  11:48  Corruptor x5  
  187  11:50  Roach, Zergling x2  
  187  11:51  Roach, Zergling x16  
  177  12:16  Zerg Flyer Weapons Level 3  
  177  12:18  Pathogen Glands  
  177  12:21  Drone x4  
  181  12:24  Nydus Canal  
  181  12:26  Roach  
  181  12:27  Roach x8, Zergling x4  
  199  12:31  Zerg Melee Weapons Level 2, Extractor x2  
  199  12:32  Zerg Missile Weapons Level 3  
  199  12:33  Baneling x5  
  197  12:39  Spore Crawler  
  197  12:40  Spore Crawler  
  197  12:43  Roach x5, Zergling x18  
  195  13:09  Infestor x2  
  195  13:11  Burrow  
  199  13:13  Nydus Canal  
  199  13:14  Neural Parasite  
  178  13:25  Zergling x38  
  192  13:32  Zergling x14  
  184  13:51  Brood Lord x7  
  184  13:54  Baneling x2  
  190  13:56  Baneling x2  
  190  13:59  Drone x3  
  190  14:00  Drone x6  
  199  14:10  Baneling x13  
  199  14:13  Baneling x2  
  199  14:18  Nydus Canal  
  199  14:24  Baneling x9  
  199  14:28  Drone  
  197  14:39  Drone x4  
  197  14:40  Nydus Canal  
  190  14:49  Roach  
  190  14:50  Roach x6  
  176  15:00  Drone x9  
  176  15:01  Drone x13  
  195  15:09  Infestor x3  
  195  15:13  Corruptor  
  198  15:21  Spore Crawler  
  198  15:22  Spore Crawler  
  198  15:23  Spore Crawler  
  193  15:29  Spine Crawler x2  
  193  15:31  Spine Crawler  
  168  15:47  Infestor x7  
  177  15:50  Overseer x2  
  175  15:59  Drone x12  
  187  16:06  Ravager  
  187  16:07  Ravager  
  187  16:08  Ravager x2  
  191  16:13  Zergling x2  
  191  16:15  Infestor  
  191  16:16  Infestor x11  
  188  16:31  Roach x10  
  194  16:42  Overlord x3  
  186  17:05  Ravager x3  
  186  17:07  Ravager  

Tags
 
Add a new tag
Caveats
  • Supply blocks, unpowered buildings, or Contaminate may cause inaccurate times.
  • Supply counts are checked every 10 seconds.